 Dungeon Crawl Stone Soup version 0.29.1-12-g30fa7ad0bf (webtiles) character file.

Game seed: 16798172899033351845

370 javelincjr the Magician (level 7, -1/46 HPs)
             Began as a Djinni Conjurer on Jan 18, 2023.
             Was an Initiate of Qazlal.
             Killed from afar by an orc wizard (3 damage)
             ... with a magic dart
             ... on level 4 of the Dungeon.
             The game lasted 00:15:35 (4598 turns).

javelincjr the Magician (Djinni Conjurer)           Turns: 4598, Time: 00:15:35

Health: -1/46      AC:  2    Str:  6    XL:     7   Next: 2%
Gold:   216        EV: 12    Int: 21    God:    Qazlal [......] SH:  0 Dex: 12

rFire   + + .      SeeInvis .   y - +2 short sword (venom)
rCold   x . .      Faith    .   (no shield)
rNeg    . . .      Spirit   .   a - +0 robe
rPois   ∞          Reflect  .   (no helmet)
rElec   .          Harm     .   (no cloak)
rCorr   +          Rampage  .   (no gloves)
Will    .....                   (boots unavailable)
Stlth   ++........              (no amulet)
HPRegen 0.15/turn               q - ring of resist corrosion
MPRegen 0.00/turn               (no ring)

@: flying
A: sickness immunity, fire resistance 2, cold vulnerability 1, float, innate
caster, HP casting, extra vitality 1
a: Renounce Religion


You were on level 4 of the Dungeon.
You worshipped Qazlal.
Qazlal was noncommittal.
You visited 1 branch of the dungeon, and saw 4 of its levels.

You collected 216 gold pieces.

Inventory:

Hand Weapons
 d - a +0 short sword
 f - a +0 rapier
 s - the +3 woodcutter's axe {vorpal}
   (You found it on level 2 of the Dungeon)

   It inflicts extra damage upon your enemies.
 y - a +2 short sword of venom (weapon)
Missiles
 C - 2 poisoned darts
Armour
 a - a +0 robe (worn)
Magical Staves
 h - a staff of fire
Jewellery
 q - a ring of resist corrosion (left hand)
Wands
 z - a wand of charming (7)
Scrolls
 b - 4 scrolls of identify {unknown}
 e - a scroll of teleportation {unknown}
 g - 2 scrolls of magic mapping {unknown}
 k - a scroll of fear {unknown}
 n - 2 scrolls of enchant armour {unknown}
 t - a scroll of enchant weapon {unknown}
 v - a scroll of noise {unknown}
 w - a scroll of blinking {unknown}
 x - a scroll of immolation {unknown}
 A - a scroll of poison {unknown}
Potions
 c - a potion of cancellation {unknown}
 i - 2 potions of mutation {unknown}
 j - 3 potions of curing {unknown}
 l - a potion of haste {unknown}
 m - a potion of degeneration {unknown}
 o - a potion of lignification {unknown}
 p - a potion of brilliance {unknown}
 r - a potion of heal wounds {unknown}
 u - a potion of berserk rage {unknown}
 B - a potion of flight {unknown}
 D - a potion of attraction {unknown}


   Skills:
 + Level 0.9 Fighting
 + Level 0.2 Axes
 + Level 3.1 Dodging
 + Level 2.4 Stealth
 + Level 5.5 Spellcasting


You couldn't memorise any spells.
You knew the following spells:

 Your Spells              Type           Power      Damage    Failure   Level
a - Magic Dart            Conj           100%       1d8       1%          1
b - Searing Ray           Conj           56%        2d6       1%          2
c - Dazzling Flash        Conj/Hex       56%        N/A       3%          3
d - Fulminant Prism       Conj/Hex       14%        3d9       11%         4
e - Iskenderun's Mystic   Conj/Tloc      28%        2d7       11%         4
f - Shock                 Conj/Air       100%       1d9       1%          1
g - Scorch                Fire           56%        2d7       1%          2
h - Passwall              Tmut/Erth      23%        N/A       1%          2
Your spell library was empty.

Dungeon Overview and Level Annotations

Branches:
Dungeon (4/15)
 Temple: D:4-7

Altars:
Makhleb
Qazlal
Xom


Innate Abilities, Weirdness & Mutations

You are immune to sickness and miasma.
You are immune to poison.
Your flesh is very heat resistant. (rF++)
You are vulnerable to cold. (rC-)
You float through the air rather than walking.
You learn spells naturally, not from books.
Your magical power is your life essence.
You have superior vitality. (+4 MHP)


Message History

Your fulminant prism crackles loudly.
You hit the orc priest but do no damage.
The orc priest is poisoned.
The orc priest is moderately wounded.
Your fulminant prism explodes!
The blast of energy engulfs the orc!!
You kill the orc!
Qazlal accepts your kill.
The blast of energy engulfs the orc!
You kill the orc!
Qazlal accepts your kill. x2
You feel a bit more experienced.
The blast of energy engulfs something!
You hear a bark!
You hear a shout!
You hear an angry hiss.
You barely miss the orc priest.
The orc priest is moderately wounded.
The orc priest hits you with a +0 flail!
You hit the orc priest but do no damage.
You punch the orc priest, but do no damage.
The orc priest is heavily wounded.
The orc priest hits you with a +0 flail.
You closely miss the orc priest.
The orc priest is heavily wounded.
The orc priest hits you with a +0 flail! x2
* * * LOW HITPOINT WARNING * * *
You hit the orc priest.
The orc priest looks as sick as possible!
The orc priest is almost dead.
You kill the orc priest!
Qazlal accepts your kill.
You hear some strange, mumbled words.
Something tries to affect you, but you resist.
You have reached level 7!
The power to cast Passwall wells up from within.
Spell assigned to 'h'.
A magic dart appears from out of thin air!
The magic dart hits you!
* * * LOW HITPOINT WARNING * * *
A magic dart appears from out of thin air!
The magic dart hits you.
You die...

#)#.....#...####...##
#. ...
#'#........###......# .
...
#.#......###...#..#.##
#............#.#..#..#
##.#.....##.#.)...#..##
#.#......#..#........#
#....##..##..)....#..##
##..####..#..#..#.#...#
##..##...##@####...###
#........#..#...###
#..###...##...###
#######..####.#.#.###
#....#..##....###.#
.......##.....#
#){......
#............##
##..).)..
##.....#.........
..#....
#.....#..#.##.## #.#
...


There were no monsters in sight!

Vanquished Creatures
  A bullfrog (D:4)
  A gnoll sergeant (D:2)
  2 orc priests
  An orc wizard (D:3)
  3 gnolls (D:2)
  5 adders
  3 worms
  2 dart slugs (D:2)
  13 orcs
  7 ball pythons
  5 endoplasms
  4 giant cockroaches
  5 hobgoblins
  4 kobolds
  2 quokkas (D:2)
  5 bats
  3 frilled lizards (D:3)
  5 rats
71 creatures vanquished.

Vanquished Creatures (others)
  4 fulminant prisms
4 creatures vanquished.

Grand Total: 75 creatures vanquished

Notes
Turn   | Place    | Note
-------+----------+-------------------------------------------
     0 | D:1      | javelincjr the Djinni Conjurer began the quest for the Orb.
     0 | D:1      | javelincjr set off with the following spells memorised:
                  | Magic Dart, Searing Ray, Dazzling Flash, Fulminant Prism,
                  | Iskenderun's Mystic Blast.
     0 | D:1      | Reached XP level 1. HP: 15/15 MP: 0/0
   301 | D:1      | Reached XP level 2. HP: 18/21 MP: 0/0
   382 | D:1      | Found a faded altar of an unknown god.
  1018 | D:2      | Reached XP level 3. HP: 17/25 MP: 0/0
  1018 | D:2      | Learned a level 1 spell: Shock
  1272 | D:2      | Reached skill level 4 in Spellcasting
  1461 | D:2      | Noticed a gnoll sergeant
  1461 | D:2      | Found the +3 woodcutter's axe {vorpal}
  1828 | D:2      | Reached XP level 4. HP: 26/31 MP: 0/0
  2063 | D:2      | Killed a gnoll sergeant
  2064 | D:2      | Reached XP level 5. HP: 23/35 MP: 0/0
  2064 | D:2      | Learned a level 2 spell: Scorch
  2560 | D:3      | Reached skill level 5 in Spellcasting
  2560 | D:3      | Reached XP level 6. HP: 7/40 MP: 0/0
  3403 | D:3      | Found a shimmering altar of Xom.
  4465 | D:4      | Found a burning altar of Makhleb.
  4528 | D:4      | Found a stormy altar of Qazlal.
  4536 | D:4      | Became a worshipper of Qazlal Stormbringer
  4595 | D:4      | Reached XP level 7. HP: 13/46 MP: 0/0
  4595 | D:4      | Learned a level 2 spell: Passwall
  4597 | D:4      | HP: 2/46 [something/magic dart (11)]
  4598 | D:4      | Killed from afar by an orc wizard

Illustrated notes

Levels and vault maps discovered:
D:1:      tarquinn_simple_flora_water_e, layout_basic,
          hellmonk_ecumenical_altar_crossroads
D:2:      layout_rooms, pf_guarded_unrand_woodcutter
D:3:      layout_basic, mainiacjoe_overflow_paths, minmay_crystal_water,
          grunt_ministairs_15
D:4:      minmay_skewed_foursquare, layout_cave_pools,
          minmay_overflow_temple_star_quad, uniq_sigmund

Skill      XL: |  1  2  3  4  5  6 |
---------------+-------------------+-----
Spellcasting   | 4 5 |  5.5
Stealth        | 2 |  2.4
Dodging        | 3 |  3.1
Fighting       | |  0.9
Axes           | |  0.2

Action                   |  1- 3 |  4- 6 |  7- 9 || total
-------------------------+-------+-------+-------++-------
Melee: Battleaxe         |       |    22 |       ||    22
       Short sword       |       |    15 |       ||    15
       Punch             |       |     2 |       ||     2
 Cast: Magic Dart        |    52 |     2 |       ||    54
       Searing Ray       |     3 |     3 |       ||     6
       Shock             |     2 |    69 |       ||    71
       Dazzling Flash    |     2 |     1 |       ||     3
       Fulminant Prism   |       |     4 |       ||     4
       Scorch            |       |     1 |       ||     1
Armor: Robe              |       |     2 |       ||     2
Dodge: Dodged            |     9 |    37 |       ||    46
